[Event "Late-Titled-Tuesday-Blitz-June-25-2024"]
[Site "Chess.com"]
[Date "2024.06.25"]
[Round "8"]
[White "AryanTari"]
[Black "Arysya"]
[Result "1-0"]
[WhiteElo "3029"]
[BlackElo "2846"]
[TimeControl "180+1"]
[EndTime "15:27:03 PDT"]
[Termination "AryanTari won by resignation"]

1. e4 c5 2. Nf3 a6 3. g3 Nc6 4.
d4 cxd4 5. Nxd4 Nf6 6. Bg2 e5 7. Nf5 d6 8. Nc3 Bxf5 9. exf5 h6 10. Be3 Be7 11. g4 Qa5 12. O-O O-O 13. h4 Nh7 14. Nd5 Bxh4 15. Bb6 Qa4 16. b3 Qa3 17. c3 Rac8 18.
Qd3 Bg5 19. Be4 Nf6 20. Nxf6+ Bxf6 21. Kg2 Ne7 22. c4 d5 23. cxd5 Qb4 24. Be3 Rc3 25. Qb1 Rd8 26. Rd1 Qb5 27. d6 Nc8 28. Rd5 Qe2 29.
Bf3 Qc2 30. Qxc2 Rxc2 31. d7 Ne7 32. Rd6 Rc7 33. Rad1 Nc6 34. Bb6 Rcxd7 35. Rxd7 1-0

[Event "Late-Titled-Tuesday-Blitz-June-25-2024"]
[Site "Chess.com"]
[Date "2024.06.25"]
[Round "8"]
[White "Msb2"]
[Black "igorkovalenko"]
[Result "1-0"]
[WhiteElo "3085"]
[BlackElo "2995"]
[TimeControl "180+1"]
[EndTime "15:27:07 PDT"]
[Termination "Msb2 won by resignation"]

1. d4 Nf6 2. c4 e6 3. Nc3 Bb4 4. e3 c5 5. Ne2 d5 6. a3 Ba5 7. dxc5 dxc4 8. Bd2 Nbd7 9. Ng3 Nxc5 10. Bxc4 Bc7 11.
O-O a6 12. b4 Ncd7 13. Rc1 O-O 14. Be2 Ne5 15. Qc2 Bd7 16. f4 Ng6 17. Bf3 Rb8 18.
Rfd1 Nh4 19. Nce4 Nxf3+ 20. gxf3 Bb6 21. Kg2 Nxe4 22. Nxe4 Qe8 23. Qb2 f6 24. Nc5 Bc6 25. e4 Qg6+ 26. Kh1 Rbe8 27. Rg1 Qh5 28. Rg3 Rf7 29. Be3 Bxc5 30. Rxc5 Qh6 31. Qf2 f5 32. Qg2 Rd7 33. Rc1 Qf6 34. Rg1 Qc3 35. Bc1 g6 36. Bb2 Qd2 37. Rxg6+ Kf8 38. Rg8+ Ke7 39. Bf6+ 1-0

[Event "Late-Titled-Tuesday-Blitz-June-25-2024"]
[Site "Chess.com"]
[Date "2024.06.25"]
[Round "8"]
[White "sergeikim"]
[Black "CFalcons8"]
[Result "1-0"]
[WhiteElo "2606"]
[BlackElo "2445"]
[TimeControl "180+1"]
[EndTime "15:27:08 PDT"]
[Termination "sergeikim won on time"]

1. d4 Nf6 2. c4 e6 3. Nc3 Bb4 4. Qc2 d5 5. a3 Bxc3+ 6. Qxc3 O-O 7. Nf3 dxc4 8. Qxc4 b6 9. Bf4 Nd5 10. Bg5 Qd6 11.
e4 Ba6 12. Qc2 Bxf1 13. Kxf1 Ne7 14. g3 Rc8 15. Kg2 f6 16. Be3 Qd7 17. Rhd1 Qe8 18.
Rac1 Nd7 19. b4 a5 20. Qb3 axb4 21. Qxe6+ Kh8 22. axb4 Nf8 23. Qb3 Qa4 24. Qc3 c6 25. h4 Qb5 26. Ra1 Ne6 27. Rdc1 Rxa1 28. Rxa1 f5 29. e5 Nd5 30. Qc2 g6 31. Bd2 Qe2 32.
Qb3 Nxd4 33. Nxd4 Qxd2 34. Nf3 Qxb4 35. Qc2 Qc3 36. Qa2 b5 37. Qa7 b4 38. Qd7 Rf8 39. Ra7 Ne3+ 40. Kh3 1-0

[Event "Late-Titled-Tuesday-Blitz-June-25-2024"]
[Site "Chess.com"]
[Date "2024.06.25"]
[Round "8"]
[White "albayo"]
[Black "Orest_Vovk"]
[Result "0-1"]
[WhiteElo "2404"]
[BlackElo "2549"]
[TimeControl "180+1"]
[EndTime "15:27:08 PDT"]
[Termination "Orest_Vovk won by resignation"]

1. Nf3 h6 2. g3 g5 3. d4 Bg7 4. Bg2 c5 5. O-O g4 6. Ne5 d6 7. Nd3 Bxd4 8. e4 h5 9. Bg5 Nc6 10. c3 Bf6 11. Qd2 e5 12. Bxf6 Qxf6 13. f4 Qh6 14.
fxe5 Qxd2 15. Nxd2 Nxe5 16. Nxe5 dxe5 17. Nc4 f6 18.
Rfd1 b6 19. a4 Be6 20. Nd6+ Ke7 21. a5 Rd8 22. Nb5 Rxd1+ 23. Rxd1 bxa5 24. Ra1 a6 25. Nc7 Kd6 26. Nxe6 Kxe6 27. Rxa5 Ne7 28. Rxc5 Rd8 29. Bf1 Rd2 30. b4 f5 31. exf5+ Nxf5 32. Bxa6 h4 33. Bc8+ Kf6 34. Rc6+ Kg5 35. Bxf5 hxg3 36. Be4 gxh2+ 37. Kh1 g3 38. Bf3 e4 39. Rc5+ Kf4 40. Bh5 Rf2 41. Be2 Rxe2 0-1

[Event "Late-Titled-Tuesday-Blitz-June-25-2024"]
[Site "Chess.com"]
[Date "2024.06.25"]
[Round "8"]
[White "petr577"]
[Black "szachmistrz2500"]
[Result "1-0"]
[WhiteElo "2371"]
[BlackElo "2456"]
[TimeControl "180+1"]
[EndTime "15:27:08 PDT"]
[Termination "petr577 won on time"]

1. d4 Nf6 2. c4 e6 3. Nf3 d5 4. g3 Nbd7 5. Bg2 c6 6. O-O Ne4 7. b3 Bd6 8. Ba3 Bxa3 9. Nxa3 Qe7 10. Nc2 O-O 11. Qd3 b6 12. Nd2 f5 13. Nxe4 fxe4 14.
Qc3 Bb7 15. Ne3 Rac8 16. f3 exf3 17. Bxf3 Nf6 18. Rad1 c5 19. dxc5 Qxc5 20. Kg2 Rc7 21. Qd3 Rd8 22. cxd5 exd5 23. Nf5 Qc2 24. Rd2 Qxd3 25. Rxd3 Rc2 26. a4 Ba6 27. Re3 d4 28.
Re7 d3 29. Rxg7+ Kh8 30. Rxa7 dxe2 31. Re1 Rd1 32. Ra8+ Ng8 33. Nh6 Kg7 34. Rxg8+ Kxh6 35. g4 Rc5 36. h4 1-0

[Event "Late-Titled-Tuesday-Blitz-June-25-2024"]
[Site "Chess.com"]
[Date "2024.06.25"]
[Round "8"]
[White "medinapazmiguel1968"]
[Black "nitpicker"]
[Result "1-0"]
[WhiteElo "2465"]
[BlackElo "2338"]
[TimeControl "180+1"]
[EndTime "15:27:09 PDT"]
[Termination "medinapazmiguel1968 won on time"]

1. d4 Nf6 2. c4 e6 3. Nf3 d5 4. Bf4 a6 5. c5 Nbd7 6. Nc3 b6 7. cxb6 Nxb6 8. e3 c5 9. Bd3 Bb7 10. O-O Be7 11. Rc1 Rc8 12. Ne5 O-O 13. Qf3 Nbd7 14.
Qh3 g6 15. Bh6 Re8 16. Nf3 Ne4 17. Bxe4 dxe4 18. Nd2 f5 19. f4 cxd4 20. exd4 Bf6 21. Nb3 Nb6 22. Rfd1 Nc4 23. Rc2 Qd6 24. Kh1 Qb4 25.
Nc5 e3 26. a3 Qb6 27. Nd7 Qd8 28. Nxf6+ Qxf6 29. Bg5 Qf7 30. Re2 Nxb2 31. Rxb2 Rxc3 32. Re1 Qc7 33. Qg3 Qc6 34. h4 Rc8 35. h5 Kf7 36.
Kh2 Rc2 37. Rxc2 Qxc2 38. Rxe3 Bd5 39. Qh3 Kg7 40. hxg6 1-0

[Event "Late-Titled-Tuesday-Blitz-June-25-2024"]
[Site "Chess.com"]
[Date "2024.06.25"]
[Round "8"]
[White "Defenstrator"]
[Black "HaryKane"]
[Result "0-1"]
[WhiteElo "2413"]
[BlackElo "2595"]
[TimeControl "180+1"]
[EndTime "15:27:10 PDT"]
[Termination "HaryKane won on time"]

1. e4 c5 2. Nf3 e6 3. d4 cxd4 4. Nxd4 Nf6 5. Nc3 Bb4 6. e5 Nd5 7. Qg4 Nxc3 8. Qxg7 Rf8 9. a3 Nb5+ 10. axb4 Nxd4 11.
Bh6 Qe7 12. Bd3 Nbc6 13. Qxh7 Qxb4+ 14. c3 Qxb2 15. O-O Qxc3 16. Bxf8 Kxf8 17. Qh8+ Ke7 18. Qf6+ Kf8 19. Bg6 Nxe5 20. Qh8+ Ke7 21. Qh4+ Kd6 22. Be4 f5 23. Rad1 Kc5 24. Kh1 fxe4 25. Rc1 Qxc1 26. Rxc1+ Kd5 27. Qd8 Nec6 28. Qf8 d6 29. h4 b6 30. h5 Bb7 31. Qg7 Ba6 32. h6 Nf5 33.
Qg5 Rh8 34. Rd1+ Bd3 35. Kg1 Rxh6 36. g4 Ne5 37. Qf4 Nf3+ 38. Kg2 Rh2+ 0-1

[Event "Late-Titled-Tuesday-Blitz-June-25-2024"]
[Site "Chess.com"]
[Date "2024.06.25"]
[Round "8"]
[White "Durarbayli"]
[Black "JanistanTV"]
[Result "1-0"]
[WhiteElo "2962"]
[BlackElo "2672"]
[TimeControl "180+1"]
[EndTime "15:27:11 PDT"]
[Termination "Durarbayli won by resignation"]

1. e4 c5 2. Nf3 e6 3. d4 cxd4 4. Nxd4 Nc6 5. Nc3 Nf6 6. Nxc6 bxc6 7. e5 Nd5 8. Ne4 Qc7 9. f4 Qb6 10. c4 Ne3 11. Qd3 Bb4+ 12. Bd2 Ba6 13. b3 O-O 14. Rc1 f5 15. Nd6 g5 16. g3 gxf4 17. gxf4 Ng4 18.
Qe2 Bc5 19. h3 Bf2+ 20. Kd1 Ne3+ 21. Bxe3 Bxe3 22. Qg2+ Kh8 23. c5 Bxf1 24. Rxf1 Qb4 25. Rc4 Qa3 26. Rf3 Bxc5 27. Ra4 Bxd6 28. Rxa3 Bxa3 29.
Rd3 Rf7 30. Kc2 a5 31. h4 a4 32. h5 axb3+ 33. Rxb3 Bf8 34. Kb1 Rg7 35. Rg3 Ra4 36.
Rxg7 Bxg7 37. Qg5 h6 38. Qd8+ Kh7 39. Qxd7 Rxf4 40. Qxe6 Rf1+ 41. Kc2 f4 42. Qg6+ Kh8 43. e6 Re1 44. Qe8+ Kh7 45. Qg6+ Kh8 46. Qf7 f3 47. e7 f2 48. e8=Q+ 1-0

[Event "Late-Titled-Tuesday-Blitz-June-25-2024"]
[Site "Chess.com"]
[Date "2024.06.25"]
[Round "8"]
[White "FairChess_on_YouTube"]
[Black "artin10862"]
[Result "0-1"]
[WhiteElo "3073"]
[BlackElo "2919"]
[TimeControl "180+1"]
[EndTime "15:27:13 PDT"]
[Termination "artin10862 won by checkmate"]

1. d4 d5 2. c4 e6 3. Nf3 c6 4. Nbd2 Nf6 5. Qc2 c5 6. dxc5 d4 7. g3 Nc6 8. Bg2 Bxc5 9. O-O e5 10. Ng5 h6 11. Nge4 Nxe4 12. Nxe4 Be7 13. a3 a5 14. f4 f5 15. fxe5 fxe4 16. Qxe4 Kd7 17. e6+ Kc7 18.
Rf7 g5 19. c5 Kb8 20. b4 axb4 21. Rb1 Bxc5 22. axb4 Bb6 23. b5 Ne7 24. Rxe7 Qxe7 25.
Qe5+ Qc7 26. Qxh8 d3+ 27. Kh1 Qc2 28. Bf4+ gxf4 29. Rf1 dxe2 30. Re1 Bc7 31. e7 Qd2 32. Rg1 e1=Q 33. e8=Q Qxe8 34. Qxe8 fxg3 35. b6 Bxb6 36. Bh3 Qxh2# 0-1

[Event "Late-Titled-Tuesday-Blitz-June-25-2024"]
[Site "Chess.com"]
[Date "2024.06.25"]
[Round "8"]
[White "Zurability"]
[Black "Chaubunagungamaug1"]
[Result "1-0"]
[WhiteElo "2772"]
[BlackElo "2580"]
[TimeControl "180+1"]
[EndTime "15:27:13 PDT"]
[Termination "Zurability won on time"]

1. e4 c5 2. a3 e6 3. Nf3 Nc6 4. Nc3 Nf6 5. e5 Ng4 6. d4 cxd4 7. Nxd4 Ngxe5 8. f4 Nxd4 9. Qxd4 Nc6 10. Qf2 d5 11. Bd3 g6 12. Bd2 Bg7 13. g4 a6 14. h4 h5 15. gxh5 Rxh5 16. O-O-O Bd7 17. Qg3 Qf6 18. f5 gxf5 19. Rhg1 Bf8 20. Qc7 Qe5 21. Qxb7 Qb8 22. Bxa6 Rxh4 23. Rg8 Qxb7 24. Bxb7 Rb8 25. Ba6 Rg4 26. Rh8 Ke7 27. Re1 Bg7 28. Nxd5+ Kd6 29. Rxb8 Nxb8 30. Ne3 Nxa6 31. Nxg4 fxg4 32. b4 f5 33. c4 Nc7 34. b5 e5 35. Bb4+ Ke6 36.
Rd1 f4 37. Rd6+ Ke7 38. Rc6+ Kd8 39. Rg6 Ne6 40. b6 g3 41. Bd6 f3 42. b7 1-0

[Event "Late-Titled-Tuesday-Blitz-June-25-2024"]
[Site "Chess.com"]
[Date "2024.06.25"]
[Round "8"]
[White "kinga2008"]
[Black "Nf3c5"]
[Result "0-1"]
[WhiteElo "2534"]
[BlackElo "2642"]
[TimeControl "180+1"]
[EndTime "15:27:16 PDT"]
[Termination "Nf3c5 won on time"]

1. e4 c5 2. Nf3 Nc6 3. c3 Nf6 4. e5 Nd5 5. d4 cxd4 6. cxd4 d6 7.
exd6 e6 8. Nc3 Nxc3 9. bxc3 Bxd6 10. Bd3 h6 11. O-O O-O 12. Qe2 Qc7 13. Re1 b6 14. h3 Bd7 15. Qe4 f5 16. Qh4 Be7 17. Qf4 Bd6 18.
Qh4 Be7 19. Qf4 Bd6 20. Qe3 Rf6 21. Kh1 Re8 22. c4 e5 23. d5 Nb4 24. Bb2 Nxd3 25. Qxd3 e4 26. Qc3 exf3 27. Qxf3 Be5 28. Bxe5 Rxe5 29.
Qc3 Rxd5 30. Re7 Rdd6 31. Rae1 Qc6 32. R1e3 Rg6 33. Rg3 Rxg3 34. fxg3 Rg6 35. Qd3 Be6 36. Qd8+ Kh7 37. Kh2 f4 38. g4 f3 39. gxf3 Qxf3 40.
Re8 Qf2+ 41. Kh1 Qf3+ 42. Kh2 Rf6 43. Rh8+ Kg6 44. Qe8+ Bf7 45. Qe1 Re6 0-1

[Event "Late-Titled-Tuesday-Blitz-June-25-2024"]
[Site "Chess.com"]
[Date "2024.06.25"]
[Round "8"]
[White "klercaku"]
[Black "Perecke"]
[Result "1-0"]
[WhiteElo "2321"]
[BlackElo "2485"]
[TimeControl "180+1"]
[EndTime "15:27:17 PDT"]
[Termination "klercaku won by resignation"]

1. e4 e5 2. Nf3 Nc6 3. d4 exd4 4.
Nxd4 Bc5 5. Be3 Qf6 6. c3 Nge7 7. Be2 O-O 8. O-O Bb6 9. Nxc6 dxc6 10. Bxb6 axb6 11. Nd2 Be6 12. Qc2 Rfd8 13. Nc4 b5 14.
Ne3 Ng6 15. g3 Ne5 16. f4 Nc4 17. Bxc4 Bxc4 18. Rf2 Qd6 19. e5 Qc5 20. Nxc4 Qxc4 21. a3 Rd3 22. Rd1 Rad8 23. Rxd3 Rxd3 24. Qe2 Qd5 25.
Qg4 Rd1+ 26. Rf1 Qc5+ 27. Kg2 Rd2+ 28. Kh3 g6 29. Qg5 Qd5 30. Rg1 Qd7+ 31. f5 Qxf5+ 32. Qxf5 gxf5 33. Rg2 Rd1 34. Rf2 Kg7 35. Kg2 Re1 36.
Rxf5 Re2+ 37. Rf2 Rxe5 38. Rd2 Rd5 39. Re2 Kf8 40. h4 f6 41. Kh3 Kf7 42. Kg4 Re5 43.
Rxe5 fxe5 44. Kf5 h5 45. Kxe5 Kg6 46. Ke6 c5 47. b4 c4 48. Ke5 b6 49. Ke6 c5 50. Ke5 cxb4 51. axb4 Kh7 52. Kf5 Kh6 53. Kf6 1-0

[Event "Late-Titled-Tuesday-Blitz-June-25-2024"]
[Site "Chess.com"]
[Date "2024.06.25"]
[Round "8"]
[White "Gyulamiryan-koryun"]
[Black "Viktor_Poddubnyi"]
[Result "0-1"]
[WhiteElo "1826"]
[BlackElo "2330"]
[TimeControl "180+1"]
[EndTime "15:27:17 PDT"]
[Termination "Viktor_Poddubnyi won on time"]

1. e4 g6 2. d4 Bg7 3. f4 d6 4.
Nf3 Nf6 5. Nc3 O-O 6. Be2 Nc6 7. Be3 e5 8. fxe5 dxe5 9. d5 Ne7 10. O-O Ne8 11. Qd2 Nd6 12. Bh6 Bd7 13. Bxg7 Kxg7 14. Nxe5 f6 15. Nxd7 Qxd7 16. Qd4 Rae8 17. e5 Ndf5 18. exf6+ Rxf6 19. Qxa7 Nxd5 20. Nxd5 Qxd5 21. Bf3 Qe5 22. Qxb7 Rb6 23. Qd5 Rxb2 24. Qxe5+ Rxe5 25. c4 Nh4 26. Bd5 Ree2 27. Rae1 Red2 28. Re7+ Kh6 29. a4 Nxg2 30. Bg8 Ne3 31. Rxh7+ Kg5 32. Rc1 Ng4 33. Bd5 Nxh2 34. a5 Ra2 35. Kh1 Ng4 0-1

[Event "Late-Titled-Tuesday-Blitz-June-25-2024"]
[Site "Chess.com"]
[Date "2024.06.25"]
[Round "8"]
[White "HansOnTwitch"]
[Black "ChristopherYoo"]
[Result "1-0"]
[WhiteElo "3120"]
[BlackElo "3035"]
[TimeControl "180+1"]
[EndTime "15:27:19 PDT"]
[Termination "HansOnTwitch won on time"]

1. e4 e5 2. Nf3 Nc6 3. Bc4 Nf6 4. d3 Bc5 5. O-O O-O 6. Nbd2 d6 7. c3 a6 8. Re1 Ba7 9. Nf1 Ne7 10. h3 Ng6 11. Bb3 c6 12. Ng3 Re8 13. d4 Be6 14.
Be3 Qc7 15. Bg5 Bxb3 16. Qxb3 Nd7 17. Nf5 Ndf8 18. Rad1 Ne6 19. Be3 exd4 20. cxd4 Ne7 21. N3h4 d5 22. e5 Nxf5 23. Nxf5 Qd7 24. Qc2 Bb8 25. f4 Nf8 26. Ng3 Bc7 27. Nh5 Bd8 28. g4 f6 29. Bf2 fxe5 30. dxe5 Ng6 31. Bg3 Bc7 32. Qh2 Qe7 33. e6 Qc5+ 34. Kh1 d4 35. f5 Nh4 36. Qe2 Bxg3 37. Nxg3 Rad8 38. Rd3 Qd5+ 39. Qe4 c5 40. b3 b5 41. Qxd5 Rxd5 42.
Re4 Kf8 43. Ne2 Rc8 44. b4 cxb4 45. Rdxd4 Rxd4 46. Rxd4 Rc2 47. Rd8+ Ke7 48. Rd7+ Ke8 49. Nd4 Rd2 50. Rxg7 Rxd4 51. f6 Kd8 52. e7+ Kd7 53. Rg8 Rd1+ 54. Kh2 Rd2+ 55. Kg3 Re2 56. Kxh4 1-0

[Event "Late-Titled-Tuesday-Blitz-June-25-2024"]
[Site "Chess.com"]
[Date "2024.06.25"]
[Round "8"]
[White "Mops_2004"]
[Black "Keithonsky"]
[Result "1-0"]
[WhiteElo "2808"]
[BlackElo "2613"]
[TimeControl "180+1"]
[EndTime "15:27:20 PDT"]
[Termination "Mops_2004 won by resignation"]

1. d4 d5 2. c4 dxc4 3. e3 e6 4. Bxc4 c5 5. Nf3 a6 6. O-O Nf6 7. Nc3 b5 8. Bb3 Bb7 9. e4 cxd4 10. Nxd4 Bd6 11. Bxe6 Be5 12. Bd5 Nxd5 13. Nxd5 Bxd5 14. exd5 Qxd5 15. Nf3 Qxd1 16. Rxd1 Bf6 17. a4 b4 18. Re1+ Kd7 19. Bg5 Bxb2 20. Rad1+ Kc8 21. Re7 Nc6 22.
Rxf7 Ra7 23. Rf4 Rd7 24. Rb1 Bc3 25. Rc4 Kb7 26. Be3 Kc7 27. Kf1 h6 28. Ke2 g5 29.
h4 Re8 30. hxg5 hxg5 31. Nxg5 Rd2+ 32. Kf1 Ra2 33. Ne4 Rxe4 34. Rxe4 Rxa4 35. g4 Ra2 36. g5 a5 37. g6 a4 38. Rc4 Kd7 39. Bg5 Ne5 40.
Rd1+ Ke6 41. g7 Nxc4 42. g8=Q+ Kf5 43. Qxc4 1-0

[Event "Late-Titled-Tuesday-Blitz-June-25-2024"]
[Site "Chess.com"]
[Date "2024.06.25"]
[Round "8"]
[White "GoValya"]
[Black "duone"]
[Result "1-0"]
[WhiteElo "2224"]
[BlackElo "2368"]
[TimeControl "180+1"]
[EndTime "15:27:21 PDT"]
[Termination "GoValya won on time"]

1. d4 Nf6 2. g3 e6 3. Bg2 c5 4. c3 Nc6 5. Nf3 d5 6. O-O Be7 7. dxc5 Bxc5 8. b4 Bd6 9. Nbd2 O-O 10. Bb2 a6 11. Qb3 e5 12. c4 Be6 13. Ng5 Bxb4 14. Nxe6 fxe6 15. Rad1 Bxd2 16. Rxd2 dxc4 17. Qc3 Nd4 18. e3 Nd5 19. Bxd5 exd5 20. exd4 e4 21.
Qb4 b5 22. Ba3 Qg5 23. Re2 Rf3 24. Qd6 Qh5 25. Bc5 Rf6 26. Qd7 Kh8 27. Rfe1 Rg8 28. Bd6 Rh6 29. h4 Rg6 30. Be5 Qxh4 31. Qxd5 Qh3 32. Qxe4 Rh6 33. Qg2 Qf5 34. Re4 c3 35.
Rf4 Qd7 36. Qe4 Qh3 37. Qg2 Qd7 38. Rc1 Rc8 39. Qe4 Rg6 40. Qf3 h6 41. Rxc3 Rxc3 42.
Qxc3 Kh7 43. Qf3 1-0

[Event "Late-Titled-Tuesday-Blitz-June-25-2024"]
[Site "Chess.com"]
[Date "2024.06.25"]
[Round "8"]
[White "ALRS-SPS"]
[Black "OppieZippy"]
[Result "0-1"]
[WhiteElo "2443"]
[BlackElo "2378"]
[TimeControl "180+1"]
[EndTime "15:27:22 PDT"]
[Termination "OppieZippy won on time"]

1. e4 c5 2. Nf3 e6 3. Nc3 Nc6 4. g3 g6 5. Bg2 Bg7 6. O-O Nge7 7. d3 d6 8. Be3 e5 9. Nd5 Nxd5 10. exd5 Ne7 11. c4 O-O 12. Rb1 Nf5 13.
a3 h5 14. Qd2 h4 15. b4 b6 16. a4 h3 17. Bh1 Nd4 18. Bxd4 exd4 19. Ng5 Bd7 20.
a5 Bh6 21. f4 Re8 22. Be4 Kg7 23. bxc5 bxc5 24. Rb7 Qc8 25. a6 f5 26. Ne6+ Kh8 27. Bf3 Bxe6 28. dxe6 Rxe6 29. Rfb1 Re3 30. Bd5 g5 31.
Rf7 gxf4 32. Rbb7 Qg8 33. Rh7+ Qxh7 34. Rxh7+ Kxh7 35. Bxa8 fxg3 36. Qa5 g2 37. Qc7+ Bg7 38. Kf2 Rxd3 39. Bxg2 Rd2+ 40. Kf1 hxg2+ 41. Kg1 d3 42. Qxa7 Kg6 43. h3 Bd4+ 0-1

[Event "Late-Titled-Tuesday-Blitz-June-25-2024"]
[Site "Chess.com"]
[Date "2024.06.25"]
[Round "8"]
[White "hoshiboshi"]
[Black "tolimachess"]
[Result "1-0"]
[WhiteElo "2255"]
[BlackElo "2275"]
[TimeControl "180+1"]
[EndTime "15:27:22 PDT"]
[Termination "hoshiboshi won on time"]

1. e4 c6 2. d4 d5 3. e5 c5 4.
Nf3 Nc6 5. dxc5 Bg4 6. Bb5 e6 7. b4 Ne7 8. Nbd2 Ng6 9. h3 Bxf3 10. Nxf3 Be7 11. Bb2 O-O 12. a3 a5 13. Bxc6 bxc6 14.
Bc3 axb4 15. axb4 Qc7 16. O-O Qb7 17. Qd2 Qb5 18. Rxa8 Rxa8 19. Ra1 Rxa1+ 20. Bxa1 Qc4 21. g3 h6 22. Bc3 h5 23. Qd3 Qa2 24. Kg2 h4 25. Qe2 hxg3 26. fxg3 Qa3 27. Qd3 Qa2 28. h4 Qa4 29. h5 Nf8 30. Nd4 Nh7 31. Bd2 Ng5 32.
Bxg5 Bxg5 33. Qb3 Qa1 34. Nxc6 Qc1 35. Qd3 Qb1 36. b5 Qe1 37. b6 Qb1 38. Nd4 1-0

[Event "Late-Titled-Tuesday-Blitz-June-25-2024"]
[Site "Chess.com"]
[Date "2024.06.25"]
[Round "8"]
[White "Flopezin"]
[Black "vova-79"]
[Result "0-1"]
[WhiteElo "2417"]
[BlackElo "2601"]
[TimeControl "180+1"]
[EndTime "15:27:24 PDT"]
[Termination "vova-79 won by resignation"]

1. c4 c6 2. e4 d5 3. exd5 cxd5 4. d4 Nf6 5. Nc3 g6 6. cxd5 Nxd5 7. Nf3 Bg7 8. Qb3 Nb6 9. Be3 O-O 10. Be2 Nc6 11. Rd1 Na5 12. Qc2 Nac4 13. O-O Bf5 14. Bd3 Bxd3 15. Rxd3 Rc8 16. Rfd1 Nd5 17. Nxd5 Qxd5 18.
Rc3 Nd6 19. h3 Qxa2 20. Bg5 Rxc3 21. Qxc3 Rc8 22. Qb4 Bf8 23. d5 Qc4 24. Qd2 Qc2 25.
Qxc2 Rxc2 26. Re1 f6 27. Bf4 Nb5 28. b3 a6 29. Re3 Kf7 30. g4 Rc3 31. Rxc3 Nxc3 32.
Nd4 Nxd5 33. Bd2 e5 34. Ne2 Bc5 35. Kg2 Ke6 36. f4 exf4 37. Bxf4 b5 38. Kf3 Nxf4 39. Nxf4+ Kd6 40. Ke4 a5 41. Ne2 a4 42. bxa4 bxa4 43.
Nc3 a3 44. Na2 Ke6 45. Nc3 f5+ 46. gxf5+ gxf5+ 47. Kf4 Bd6+ 48. Kg5 Be5 49. Na2 f4 50. Kg4 Kd5 51. Kf3 Kc4 52. Ke4 Bd6 53. Nc1 Kc3 0-1

[Event "Late-Titled-Tuesday-Blitz-June-25-2024"]
[Site "Chess.com"]
[Date "2024.06.25"]
[Round "8"]
[White "malakismayil"]
[Black "Hirna2005"]
[Result "1-0"]
[WhiteElo "2560"]
[BlackElo "2375"]
[TimeControl "180+1"]
[EndTime "15:27:24 PDT"]
[Termination "malakismayil won on time"]

1. e4 g6 2. d4 Bg7 3. Nc3 d6 4. Be3 a6 5. Qd2 b5 6. f3 Bb7 7.
a4 b4 8. Na2 a5 9. c3 bxc3 10.
Nxc3 Ba6 11. Bb5+ c6 12. Be2 Nf6 13. Nh3 Bxe2 14. Qxe2 Na6 15. O-O Nb4 16. Rad1 O-O 17.
f4 e6 18. f5 exf5 19. exf5 Nfd5 20. Bg5 Bf6 21. Bh6 Re8 22. Qg4 Ne3 23. Bxe3 Rxe3 24.
Ne4 Bg7 25. Nhg5 Nd5 26. fxg6 hxg6 27. Nxf7 Qe7 28. Nexd6 Re6 29. Nc4 Rf8 30. Ng5 Rxf1+ 31. Rxf1 Re1 32. Nf3 Rxf1+ 33. Kxf1 Ne3+ 34. Nxe3 Qxe3 35. Qc8+ Kh7 36. Qxc6 Qd3+ 37. Kf2 Bxd4+ 38. Nxd4 Qxd4+ 39. Kg3 Qxb2 40. Qd7+ Kh6 41. h4 Qc3+ 42. Kh2 Qe5+ 43. Kh3 Qe3+ 44. g3 Qe1 45. Qd5 1-0

[Event "Late-Titled-Tuesday-Blitz-June-25-2024"]
[Site "Chess.com"]
[Date "2024.06.25"]
[Round "8"]
[White "guineo59"]
[Black "pinelone"]
[Result "0-1"]
[WhiteElo "2211"]
[BlackElo "2428"]
[TimeControl "180+1"]
[EndTime "15:27:24 PDT"]
[Termination "pinelone won by resignation"]

1. d4 Nf6 2. Nf3 d5 3. e3 g6 4.
Bd3 Bg7 5. O-O O-O 6. c4 c5 7.
dxc5 Na6 8. cxd5 Nxc5 9. Be2 Nxd5 10. Nbd2 Nb4 11. Nb3 Ncd3 12. a3 Nxc1 13. Qxc1 Nd3 14. Qc2 Nxb2 15. Nbd4 e5 16. Nb5 e4 17. Nfd4 Nd3 18.
Bxd3 exd3 19. Qxd3 Bd7 20. a4 a6 21. Nd6 Bc6 22.
Nc4 Qd5 23. f3 Rad8 24. Rfd1 b5 25. Na5 Ba8 26. axb5 axb5 27. Rab1 Bxd4 28. Qxd4 Qxd4 29. Rxd4 Rxd4 30. exd4 Rb8 31. Rb4 Kf8 32. Kf2 Ke7 33. Nc4 Bc6 34. Ne3 Kd6 35. Ke2 Ra8 36. d5 Ra2+ 37.
Kd3 Bd7 38. Kd4 Rd2+ 39. Ke4 f5+ 40. Kf4 h6 41. h4 Ra2 42. g4 fxg4 43. fxg4 Ra4 44.
Rxa4 bxa4 45. Ke4 a3 46. Kd4 a2 47. Nc2 Bxg4 0-1

[Event "Late-Titled-Tuesday-Blitz-June-25-2024"]
[Site "Chess.com"]
[Date "2024.06.25"]
[Round "8"]
[White "WindWhistler11"]
[Black "jaramsdal"]
[Result "1-0"]
[WhiteElo "2457"]
[BlackElo "2423"]
[TimeControl "180+1"]
[EndTime "15:27:26 PDT"]
[Termination "WindWhistler11 won by resignation"]

1. Nf3 Nf6 2. g3 d5 3. c4 c6 4. Bg2 dxc4 5. a4 a5 6. Na3 Be6 7. Ng5 Bf5 8. Nxc4 e6 9. Ne5 Bg6 10. Qb3 Qc7 11. Nxg6 hxg6 12. O-O Na6 13. d4 Bd6 14. e4 Be7 15. Bf4 Qc8 16. Rfd1 Nh5 17.
Be3 Nb4 18. Rac1 Qd8 19. Nf3 O-O 20. Ne5 Nf6 21. Nc4 Nd7 22. Bd2 Re8 23. Bc3 Bf8 24.
f4 g5 25. Bd2 gxf4 26. Bxf4 Nb6 27. Ne5 g5 28. Be3 Bg7 29. Nf3 Bf6 30. Rc5 g4 31. Nh4 Kg7 32. Rf1 Rh8 33. Rxf6 Qxf6 34. Rg5+ Kf8 35.
Qc3 Rg8 36. Qc5+ Qe7 37. Rxg8+ Kxg8 38. Qxe7 N6d5 39. exd5 Nxd5 40. Qg5+ Kf8 41. Bd2 f6 42.
Qh6+ Kf7 43. Bxd5 exd5 44. Qg6+ Ke6 45. Qxg4+ Kd6 46. Bf4+ Ke7 47. Qg7+ 1-0

[Event "Late-Titled-Tuesday-Blitz-June-25-2024"]
[Site "Chess.com"]
[Date "2024.06.25"]
[Round "8"]
[White "dolynachess"]
[Black "Bilan_Danila"]
[Result "1/2-1/2"]
[WhiteElo "2528"]
[BlackElo "2621"]
[TimeControl "180+1"]
[EndTime "15:27:27 PDT"]
[Termination "Game drawn by repetition"]

1. d4 d5 2. c4 c6 3. Nf3 Nf6 4. g3 Bf5 5. Bg2 e6 6. O-O h6 7. Nc3 Nbd7 8. Nd2 Be7 9. Re1 O-O 10. e4 dxe4 11. Ndxe4 Nxe4 12. Nxe4 Nf6 13. Nc5 Qb6 14.
Qb3 Bxc5 15. dxc5 Qxc5 16. Qxb7 Ng4 17. Be3 Nxe3 18. Rxe3 Qxc4 19. Qxc6 Qxc6 20. Bxc6 Rac8 21. Rc1 Rfd8 22. b4 Rd2 23. a4 Bh3 24. b5 Rcd8 25. Bg2 Bxg2 26. Kxg2 Ra2 27. Rc4 Rdd2 28. Rf3 f5 29. g4 Rd5 30. gxf5 exf5 31. h4 Kh7 32. Kg3 Kg6 33. Rc6+ Kh5 34. Ra6 g5 35. hxg5 hxg5 36.
Rxa7 Ra1 37. Rh7+ Kg6 38. Ra7 f4+ 39. Kg2 Rdd1 40. Rc3 g4 41. Rc6+ Kf5 42. Rc5+ Ke6 43. Rc6+ Kf5 44. Rf7+ Ke5 45. Re7+ Kf5 46. Rf7+ Kg5 47.
Rg7+ Kf5 48. Rf7+ 1/2-1/2

[Event "Late-Titled-Tuesday-Blitz-June-25-2024"]
[Site "Chess.com"]
[Date "2024.06.25"]
[Round "8"]
[White "Jagerrmeisterr"]
[Black "MatthewG-p4p"]
[Result "0-1"]
[WhiteElo "2668"]
[BlackElo "2923"]
[TimeControl "180+1"]
[EndTime "15:27:28 PDT"]
[Termination "MatthewG-p4p won by resignation"]

1. e4 e6 2. d4 d5 3. Nd2 a6 4. Ngf3 Nf6 5. exd5 exd5 6. Bd3 c5 7. dxc5 Bxc5 8.
O-O O-O 9. Nb3 Bb6 10. h3 Nc6 11. c3 Re8 12. Bg5 h6 13. Bh4 g5 14. Bg3 Ne4 15. Bxe4 dxe4 16. Qxd8 Rxd8 17. Ne5 f5 18. Nxc6 bxc6 19.
Be5 Be6 20. Bd4 Bc7 21. Nc5 Bc4 22. Rfe1 a5 23. b3 Bf7 24. f3 Bg3 25. Re2 exf3 26. gxf3 Re8 27. Rg2 Bf4 28. Kf2 Bd5 29. Nd3 Bd6 30.
c4 Be6 31. h4 g4 32. Be5 Be7 33. Bg3 Rad8 34. Nf4 Bc5+ 35. Kf1 gxf3 36. Rc2 Bf7 37. Bf2 Bd6 38. Nd3 Re4 39. Ne1 Bh5 40. Rd1 Bg4 41. Rcd2 Re6 42. c5 Rg6 43. Nxf3 Bh3+ 44. Ke2 Re8+ 45.
Kd3 Bf4 46. h5 Rg7 47. Re2 Rd7+ 48. Bd4 Rxe2 49. Kxe2 Bg4 50. a3 Bxh5 51. b4 axb4 52. axb4 Bg3 53. b5 Re7+ 54. Be3 f4 55. Rd3 cxb5 56. c6 Rxe3+ 57. Rxe3 fxe3 58. c7 Bxc7 0-1